 Dungeon Crawl Stone Soup version 0.18.1-6-gd335043 (webtiles) character file.

28 M4edhros the Shield-Bearer (level 3, -1/29 HPs)
             Began as a Formicid Fighter on May 18, 2016.
             Slain by a gnoll
             ... wielding a +1 spear of piercing
              (2 damage)
             ... on level 1 of the Dungeon.
             The game lasted 00:00:52 (867 turns).

M4edhros the Shield-Bearer (Formicid Fighter)        Turns: 867, Time: 00:00:53

Health: -1/29      AC:  8    Str: 25    XL:     3   Next: 27%
Magic:  3/3        EV:  8    Int:  5    God:
Gold:   54         SH: 10    Dex: 11    Spells: 0 memorised, 2 levels left

rFire  . . .     SeeInvis +     a - +0 trident
rCold  . . .     Gourm    .     b - +0 scale mail
rNeg   . . .     Faith    .     c - +0 shield
rPois  .         Spirit   .     (helmet unavailable)
rElec  .         Dismiss  .     (no cloak)
rCorr  .         Reflect  .     (no gloves)
SustAt .         Harm     .     (no boots)
MR     .....                    (no amulet)
Stlth  ..........               (no ring)
                                (no ring)

@: mighty, not resistant to hostile enchantments, extremely unstealthy
A: permanent stasis, dig shafts and tunnels, four strong arms, antennae 3, thin
metallic scales 1, deterioration 1, dopey 1
a: Dig, Shaft Self


You were on level 1 of the Dungeon.
You were not hungry.

You visited 1 branch of the dungeon, and saw 2 of its levels.

You collected 54 gold pieces.

Inventory:

Hand Weapons
 a - a +0 trident (weapon)
Armour
 b - a +0 scale mail (worn)
 c - a +0 shield (worn)
Scrolls
 e - a scroll of identify {unknown}
 h - 2 scrolls of teleportation {unknown}
 l - a scroll of remove curse {unknown}
Potions
 i - a potion of agility {unknown}
 k - a potion of lignification {unknown}
Comestibles
 f - 2 bread rations
 j - a meat ration


   Skills:
 - Level 3.2 Fighting
 + Level 3.3 Polearms
 - Level 3.2 Armour
 + Level 3.9 Shields


You had 2 spell levels left.
You didn't know any spells.

Dungeon Overview and Level Annotations

Branches:
Dungeon (2/15)

Altars:


Innate Abilities, Weirdness & Mutations

You are under a permanent stasis effect.
You can dig through walls and to a lower floor.
Your four strong arms can wield two-handed weapons with a shield.
You have a pair of large antennae on your head (SInv).
You are partially covered in thin metallic scales (AC +2).
Your body sometimes deteriorates upon taking damage.
You are dopey. (Int -2)


Message History

You hit the gnoll.
The gnoll is heavily wounded.
You block the kobold's attack. The gnoll barely misses you.
You barely miss the gnoll.
The gnoll is heavily wounded.
The kobold hits you with a short sword.
* * * LOW HITPOINT WARNING * * *
You block the gnoll's attack.
Drink which item? (? for menu, Esc to quit)
It was a potion of mutation.
You feel extremely strange.
You feel stupid.
Thin metallic scales grow over part of your body.
You feel yourself wasting away. The kobold hits you but does no damage.
You block the gnoll's attack.
Drink which item? (? for menu, Esc to quit)
You feel very mighty all of a sudden. The kobold hits you but does no damage.
The gnoll hits you with a spear of piercing.
* * * LOW HITPOINT WARNING * * *
You die...

##########.##.........
#.##.........
#.###........ #.#
#..†.....
#.###........
######.#..........
#.................
#K####.#........).
#@g...........).(.
###############...
#... #...
############...
###..............
#....####...##...
##########....#
#..)#####
#.............# #...#


You could see a gnoll and a kobold.

Vanquished Creatures
  A dart slug (D:1)
  2 giant cockroaches
  6 goblins
  2 hobgoblins (D:1)
  5 kobolds (D:1)
  2 bats (D:1)
  2 giant newts
  6 rats (D:1)
26 creatures vanquished.

Notes
Turn   | Place    | Note
--------------------------------------------------------------
     0 | D:1      | M4edhros the Formicid Fighter began the quest for the Orb.
     0 | D:1      | Reached XP level 1. HP: 18/18 MP: 1/1
   240 | D:1      | Reached XP level 2. HP: 24/24 MP: 2/2
   574 | D:1      | Reached XP level 3. HP: 29/29 MP: 3/3
   866 | D:1      | Gained mutation: You are dopey. (Int -2) [potion of mutation]
   866 | D:1      | Gained mutation: You are partially covered in thin metallic scales (AC +2). [potion of mutation]
   866 | D:1      | Gained mutation: Your body sometimes deteriorates upon taking damage. [potion of mutation]
   867 | D:1      | HP: 1/29 [gnoll/spear of piercing (6)]
   867 | D:1      | Slain by a gnoll

Skill      XL: |  1  2 |
---------------+-------+-----
Polearms       | 3 |  3.3
Fighting       | |  3.2
Armour         | |  3.2
Shields        | |  3.9

Action                   || total
-------------------------++-------
Melee: Trident           ||    71
  Use: Potion            ||     2
Armor: Scale mail        ||    27
Dodge: Dodged            ||    15
Block: Shield            ||    34
